 Dungeon Crawl Stone Soup version 0.28-a0-94-g325244837d (webtiles) character file.

Game seed: 11220959920328914392

34 Ezendos the Insei (level 3, -1/25 HPs)
             Began as a Djinni Transmuter on Aug 7, 2021.
             Was a Follower of Hepliaklqana.
             Slain by a gnoll (10 damage)
             ... on level 1 of the Dungeon.
             The game lasted 00:03:35 (2269 turns).

Ezendos the Insei (Djinni Transmuter)               Turns: 2269, Time: 00:03:36

Health: -1/25      AC:  3    Str:  9    XL:     3   Next: 50%
Gold:   40         EV: 11    Int: 15    God:    Hepliaklqana [*.....] SH:  0 Dex: 13

rFire   + + .      SeeInvis .   g - +0 short sword (drain)
rCold   x . .      Faith    .   (no shield)
rNeg    . . .      Spirit   .   j - +0 leather armour
rPois   ∞          Reflect  .   (helmet currently unavailable)
rElec   .          Harm     .   (no cloak)
rCorr   .          Rampage  .   (no gloves)
Will    .....                   (boots unavailable)
Stlth   +.........              i - amulet of the acrobat
HPRegen 0.08/turn               (no ring)
MPRegen 0.00/turn               (no ring)

@: appendages, flying
A: horns 2, flying, reduced essence, sickness immunity, fire resistance 2, cold
vulnerability 1, float, innate caster, hp casting, extra vitality 1
a: End Transformation, Renounce Religion, Recall Ancestor, Ancestor Identity


You were on level 1 of the Dungeon.
You worshipped Hepliaklqana.
Hepliaklqana was aware of your devotion.
You had temporarily grown beastly horns.
You visited 1 branch of the dungeon, and saw 2 of its levels.

You collected 40 gold pieces.

Inventory:

Hand Weapons
 g - a +0 short sword of draining (weapon)
Armour
 a - a +0 robe
 j - a +0 leather armour (worn)
Jewellery
 i - an amulet of the acrobat (around neck)
Scrolls
 b - a scroll of summoning {unknown}
 d - a scroll of blinking {unknown}
 e - a scroll of holy word
 f - a scroll of identify {unknown}
Potions
 h - a potion of degeneration {unknown}


   Skills:
 + Level 2.2 Fighting
 - Level 2.1 Dodging
 - Level 3.0 Unarmed Combat
 + Level 2.2 Spellcasting


You couldn't memorise any spells.
You knew the following spells:

 Your Spells              Type           Power      Damage    Failure   Level
a - Beastly Appendage     Tmut           16%        N/A       12%         1
b - Wereblood             Tmut           8%         N/A       19%         2
c - Spider Form           Tmut/Pois      4%         N/A       34%         3
d - Ice Form              Ice/Tmut       8%         N/A       75%         4
e - Magic Dart            Conj           32%        1d4       12%         1
Your spell library was empty.

Dungeon Overview and Level Annotations

Branches:
Dungeon (2/15)

Altars:
Hepliaklqana


Innate Abilities, Weirdness & Mutations

You have temporarily grown beastly horns.
You are flying.
Your life essence is reduced to manifest your ancestor. (-10% HP)
You are immune to sickness and miasma.
You are immune to poison.
Your flesh is very heat resistant. (rF++)
You are vulnerable to cold. (rC-)
You float through the air rather than walking.
You learn spells naturally, not from books.
Your magical power is your life essence.
You have superior vitality. (+4 HP)


Message History

(D) Dungeon
Where to? (Enter - D:1 @ (x,y), ? - help)
You swap places.
There is a stone staircase leading down here.
You fly downwards.
The gnoll hits you with a +0 halberd!
There is a stone staircase leading up here.
The gnoll closely misses you.
You fly upwards.
There is a stone staircase leading down here.
You swap places.
The gnoll completely misses you.
Xiuhtonal hits the gnoll.
The gnoll hits Xiuhtonal with a +0 halberd.
Xiuhtonal hits the gnoll but does no damage.
Xiuhtonal closely misses the gnoll.
Xiuhtonal hits the gnoll.
Okay, then.
As you read the scroll labelled ULEUPTON KASS, it crumbles to dust.
You speak a Word of immense power!
It was a scroll of holy word.
As you read the scroll labelled JUAQ EVATABB, it crumbles to dust.
Magic quickly surges around you.
It was a scroll of vulnerability.
The gnoll seems less drained.
The gnoll hits you from afar with a +0 halberd!
Xiuhtonal barely misses the gnoll.
The gnoll barely misses you.
Xiuhtonal barely misses the gnoll.
Things that are here:
a +0 flail; a gnoll corpse You see here a +0 ring mail.
You feel your willpower return.
You swap places.
Xiuhtonal hits the gnoll but does no damage.
The gnoll hits Xiuhtonal with a +0 halberd!
Xiuhtonal is destroyed!
Casting: Beastly Appendage (safe; 12% risk of failure)
Confirm with . or Enter, or press ? or * to list all spells.
You grow a pair of large bovine horns.
The gnoll completely misses you. The gnoll completely misses you.
You closely miss the gnoll.
The gnoll is moderately wounded.
The gnoll hits you with a +0 halberd. The gnoll hits you with a +0 halberd!
You die...

###.##.###..........#....
#...##.# #...........#.#.
######.###.#.........#.#.
#...............#...
#####.#.[.......###.
##################...........# #.
g.R.......[..................###.
##############...####.######.#...
................@......(.........
....##########..g####..###...#...
###.# #.### ##.###.###... #.# #.#
#........... #.# #.# #.#..#####..
#.# #'# #....#8.8#.. #.# ##.##
##.8###...### #.##### #8.8#
##...'.(._...' #.....# ##.##
#...8###...###


You could see a gnoll.

Vanquished Creatures
  A gnoll (D:1)
  A dart slug (D:2)
  2 endoplasms
  2 goblins (D:1)
  A hobgoblin (D:1)
  3 kobolds
  3 quokkas
  A ball python (D:1)
  A bat (D:2)
  A frilled lizard (D:1)
  A rat (D:1)
17 creatures vanquished.

Vanquished Creatures (collateral kills)
  A worm (D:2)
  An endoplasm (D:2)
2 creatures vanquished.

Vanquished Creatures (others)
  4 ancestors
4 creatures vanquished.

Grand Total: 23 creatures vanquished

Notes
Turn   | Place    | Note
-------+----------+-------------------------------------------
     0 | D:1      | Ezendos the Djinni Transmuter began the quest for the Orb.
     0 | D:1      | Reached XP level 1. HP: 17/17 MP: 0/0
   348 | D:1      | Reached XP level 2. HP: 15/22 MP: 0/0
   560 | D:1      | Found a faded altar of an unknown god.
   572 | D:1      | Became a worshipper of Hepliaklqana the Forgotten
   572 | D:1      | Reached * piety under Hepliaklqana
  1772 | D:2      | Reached XP level 3. HP: 20/25 MP: 0/0
  1772 | D:2      | Learned a level 1 spell: Magic Dart
  2269 | D:1      | Slain by a gnoll

Illustrated notes

Levels and vault maps discovered:
D:1:      amcnicky_arrival_double_pillar, layout_basic,
          dreamdust_ecumenical_altar_angels_and_demons, dk_noncrumbling_2
D:2:      layout_basic, uniq_sigmund

Skill      XL: |  1  2 |
---------------+-------+-----
Spellcasting   | 2 |  2.2
Fighting       | 2 |  2.2
Dodging        | |  2.1
Unarmed Combat | |  3.0

Action                   || total
-------------------------++-------
Melee: Unarmed           ||    31
       Headbutt          ||     8
       Short sword       ||    49
 Cast: Beastly Appendage ||     8
  Use: Scroll            ||     2
 Stab: Distracted        ||     1
       Sleeping          ||     1
Armor: Robe              ||     6
       Leather armour    ||     4
Dodge: Dodged            ||    46

Table legend: (Time is in decaauts)
 A = Elapsed time spent in this place.
 B = Non-inter-level travel time spent in this place.
 C = Inter-level travel time spent in this place.
 D = Time resting spent in this place.
 E = Time spent auto-exploring this place.
 F = Levels seen in this place.
 G = Mean time per level.
                   A        B        C        D        E       F      G
               +--------+--------+--------+--------+--------+-----+--------+
         Total |   2273 |   2199 |     74 |    606 |   1200 |   2 | 1136.5 |
       Dungeon |   2273 |   2199 |     74 |    606 |   1200 |   2 | 1136.5 |
               +--------+--------+--------+--------+--------+-----+--------+

Top non-repeatable levels by time:
     D:1: 1556 daAuts
     D:2: 717 daAuts
